[Event "January 2 Late 2024"]
[Site "https://www.chess.com"]
[Date "2024.01.02"]
[Round "3"]
[White "Fernandez Madrid, Carlos"]
[Black "Kazmaier, Daniel"]
[Result "0-1"]
[Board "206"]
[TimeControl "180+1"]
[WhiteFideId "2206030"]
[BlackFideId "2606089"]
[WhiteElo "2236"]
[BlackElo "2457"]
[WhiteTeam "ESP"]
[BlackTeam "CAN"]
[WhiteClock "0:01:08"]
[BlackClock "0:01:14"]

1. c4 f5 2. g3 Nf6 3. Bg2 e5 4. b3 g6 5. Bb2 d6 6. d4 exd4 7. Qxd4 Bg7 8. h4 Nc6 9. Bxc6+ bxc6 10. h5 Nxh5 11. Qe3+ Qe7 12. Bxg7 Qxe3 13. fxe3 Nxg7 14. Nf3 O-O 15. Nc3 Re8 16. Kf2 Ne6 17. Rh2 Bd7 18. Rah1 Re7 19. Nd4 Rae8 20. Nxe6 Bxe6 21. e4 h5 22. exf5 Bxf5 23. Re1 Bg4 24. e3 Rf8+ 25. Kg1 Rf3 26. Nb1 Rxg3+ 27. Kf2 Rf3+ 28. Kg2 Rexe3 29. Rxe3 Rxe3 30. Kf1 Rf3+ 31. Ke1 Rd3 32. Nd2 Re3+ 33. Kf1 Kg7 34. Rf2 g5 35. c5 d5 36. b4 h4 37. Nb3 Bd7 38. Nd4 g4 39. Kg2 g3 40. Rf3 Re4 41. Nc2 Re2+ 0-1

[Event "January 2 Late 2024"]
[Site "https://www.chess.com"]
[Date "2024.01.02"]
[Round "3"]
[White "Doublekk14"]
[Black "Baules Rodriguez, Jorge Luis"]
[Result "1-0"]
[Board "207"]
[TimeControl "180+1"]
[BlackFideId "6600247"]
[WhiteElo "2234"]
[BlackElo "2444"]
[BlackTeam "PAN"]
[WhiteClock "0:00:28"]
[BlackClock "0:00:00"]

1. c4 Nf6 2. Nc3 g6 3. e3 Bg7 4. d4 d5 5. Nf3 O-O 6. Be2 c5 7. cxd5 Nxd5 8. e4 Nxc3 9. bxc3 cxd4 10. cxd4 Nc6 11. Be3 Bg4 12. e5 Qa5+ 13. Qd2 Rfd8 14. Qxa5 Nxa5 15. O-O Rac8 16. Rfc1 h6 17. h3 Be6 18. Nd2 Bd5 19. f4 b6 20. Kf2 e6 21. Ba6 Rxc1 22. Rxc1 Bxa2 23. Rc7 Ra8 24. Be2 Bd5 25. Bf3 Bf8 26. Ne4 Bg7 27. Nd6 f5 28. Bxd5 exd5 29. e6 Bf8 30. e7 Bxe7 31. Rxe7 Nc4 32. Nxc4 dxc4 33. d5 b5 34. d6 Rd8 35. Bc5 c3 36. Re3 Kf7 37. Rxc3 a6 38. Bb4 Ke6 39. Rc6 Ra8 40. Rc7 a5 41. Re7+ Kd5 42. d7 1-0

[Event "January 2 Late 2024"]
[Site "https://www.chess.com"]
[Date "2024.01.02"]
[Round "3"]
[White "Guevara Sanchez, Erick Marvin"]
[Black "Sanchez Alvares, Kelvin Antonio"]
[Result "1-0"]
[Board "208"]
[TimeControl "180+1"]
[WhiteFideId "6700136"]
[BlackFideId "3906680"]
[WhiteElo "2221"]
[BlackElo "2432"]
[WhiteTeam "ESA"]
[BlackTeam "VEN"]
[WhiteClock "0:00:11"]
[BlackClock "0:00:05"]

1. e4 c5 2. d4 cxd4 3. c3 Nf6 4. e5 Nd5 5. cxd4 Nc6 6. Nf3 e6 7. Bc4 d6 8. exd6 Qxd6 9. O-O Be7 10. Nc3 Nxc3 11. bxc3 O-O 12. a4 b6 13. Qc2 Bb7 14. Re1 Rfd8 15. Ba3 Qc7 16. Bxe7 Nxe7 17. Bb3 Rac8 18. Ng5 Ng6 19. Nxf7 Qc6 20. d5 Rxd5 21. Qe2 Kxf7 22. Bxd5 Qxd5 23. f3 Rxc3 24. Rad1 Qc5+ 25. Kh1 Bd5 26. Qa6 Qc7 27. a5 bxa5 28. Rxd5 exd5 29. Qe6+ Kf8 30. Qe8# 1-0

[Event "January 2 Late 2024"]
[Site "https://www.chess.com"]
[Date "2024.01.02"]
[Round "3"]
[White "Arlo2024"]
[Black "Gruzman, Ilya"]
[Result "1-0"]
[Board "209"]
[TimeControl "180+1"]
[BlackFideId "2812703"]
[WhiteElo "2196"]
[BlackElo "2426"]
[BlackTeam "ISR"]
[WhiteClock "0:02:31"]
[BlackClock "0:00:00"]

1. e4 c5 2. Nc3 e6 3. g3 d5 4. Bg2 Nf6 5. exd5 exd5 6. Nge2 Nc6 7. O-O Be6 8. d4 Bd6 9. dxc5 Bxc5 10. Nf4 d4 11. Nxe6 fxe6 12. Ne4 Nxe4 13. Bxe4 O-O 14. Qh5 Qe7 15. Bxh7+ 1-0

[Event "January 2 Late 2024"]
[Site "https://www.chess.com"]
[Date "2024.01.02"]
[Round "3"]
[White "Federzoni, Enzo"]
[Black "Ferriz Barrios, Andres"]
[Result "1-0"]
[Board "210"]
[TimeControl "180+1"]
[WhiteFideId "2173301"]
[BlackFideId "5104467"]
[WhiteElo "2423"]
[BlackElo "2185"]
[WhiteTeam "BRA"]
[BlackTeam "MEX"]
[WhiteClock "0:01:07"]
[BlackClock "0:01:31"]

1. e4 e6 2. d4 d5 3. exd5 exd5 4. Bd3 Bd6 5. Ne2 Ne7 6. O-O Nbc6 7. Bg5 f6 8. Bh4 Bg4 9. Bg3 Nf5 10. Bxd6 Nxd6 11. Re1 O-O 12. c3 Qd7 13. Nd2 Rae8 14. Qc2 g6 15. Nf4 Nc8 16. Rxe8 Rxe8 17. Nxd5 Qf7 18. Ne4 Re6 19. Bc4 Bf5 20. Ndxf6+ Kg7 21. Bxe6 Qxe6 22. Re1 Nd6 23. Qe2 Qxa2 24. Nxd6 cxd6 25. Ne8+ Kg8 26. Nxd6 1-0

[Event "January 2 Late 2024"]
[Site "https://www.chess.com"]
[Date "2024.01.02"]
[Round "3"]
[White "Atanejhad, Sahebali"]
[Black "Yushko, Olga"]
[Result "0-1"]
[Board "211"]
[TimeControl "180+1"]
[WhiteFideId "12506664"]
[BlackFideId "14114500"]
[WhiteElo "2422"]
[BlackElo "2181"]
[WhiteTeam "IRI"]
[BlackTeam "UKR"]
[WhiteClock "0:00:41"]
[BlackClock "0:02:09"]

1. d4 e6 2. c4 f5 3. Nc3 Nf6 4. Bg5 Be7 5. Bxf6 Bxf6 6. e4 fxe4 7. Nxe4 O-O 8. Nf3 d5 9. Nxf6+ Qxf6 10. c5 Nc6 11. Bb5 Ne7 12. O-O c6 13. Bd3 Nf5 14. Bxf5 exf5 15. Ne5 f4 16. Re1 Bf5 17. Qb3 Qg5 18. Qxb7 Bh3 19. g3 fxg3 20. fxg3 Qd2 0-1

[Event "January 2 Late 2024"]
[Site "https://www.chess.com"]
[Date "2024.01.02"]
[Round "3"]
[White "Suvorov, Alexander"]
[Black "yujiarun18"]
[Result "1-0"]
[Board "212"]
[TimeControl "180+1"]
[WhiteFideId "12977063"]
[WhiteElo "2410"]
[BlackElo "2170"]
[WhiteTeam "GER"]
[WhiteClock "0:00:51"]
[BlackClock "0:00:26"]

1. Nf3 d5 2. e3 Nf6 3. b3 g6 4. Bb2 Bg7 5. c4 c6 6. Be2 Be6 7. O-O O-O 8. Nc3 Nbd7 9. Nd4 Nc5 10. b4 Na6 11. Nxe6 fxe6 12. a3 e5 13. cxd5 cxd5 14. Rc1 Nc7 15. Qb3 e6 16. Na4 b6 17. Bxe5 Nce8 18. Nc3 Rc8 19. Nb5 Rf7 20. Nd4 Nd6 21. Nxe6 Qe8 22. Rxc8 Nxc8 23. Bxf6 Bxf6 24. Qxd5 Rd7 25. Qb3 Kh8 26. d4 Nd6 27. Rc1 h5 28. Nf4 Kh7 29. Bd3 Ne4 30. Qc2 Re7 31. Nd5 1-0

[Event "January 2 Late 2024"]
[Site "https://www.chess.com"]
[Date "2024.01.02"]
[Round "3"]
[White "Fernandez Diaz, Cristian"]
[Black "Kovacevic, Radmila"]
[Result "0-1"]
[Board "213"]
[TimeControl "180+1"]
[WhiteFideId "22256687"]
[BlackFideId "933171"]
[WhiteElo "2396"]
[BlackElo "2151"]
[WhiteTeam "ESP"]
[BlackTeam "SRB"]
[WhiteClock "0:00:31"]
[BlackClock "0:01:02"]

1. d4 e5 2. dxe5 Nc6 3. Nf3 Qe7 4. Nc3 Nxe5 5. Nd5 Nxf3+ 6. gxf3 Qd8 7. Bf4 d6 8. Qd2 Be6 9. e4 Nf6 10. Rg1 c6 11. Nc3 Qa5 12. b4 Qxb4 13. Rb1 Qa5 14. Rxb7 O-O-O 15. Rb1 h6 16. h4 Nh5 17. Bh2 Be7 18. Qd3 Kc7 19. Kd1 Rb8 20. Rc1 Rhd8 21. Be2 Bf6 22. f4 Bxc3 23. Bxh5 Qxh5+ 0-1

[Event "January 2 Late 2024"]
[Site "https://www.chess.com"]
[Date "2024.01.02"]
[Round "3"]
[White "louadasme"]
[Black "Unuk, Laura"]
[Result "0-1"]
[Board "214"]
[TimeControl "180+1"]
[BlackFideId "14609215"]
[WhiteElo "2144"]
[BlackElo "2394"]
[BlackTeam "SLO"]
[WhiteClock "0:00:02"]
[BlackClock "0:00:17"]

1. e4 d5 2. exd5 Qxd5 3. Nc3 Qe6+ 4. Be2 c6 5. Nf3 g6 6. O-O Bg7 7. d4 Nf6 8. Bf4 O-O 9. Qd2 Rd8 10. Rad1 Qf5 11. Bd3 Qh5 12. Rfe1 Bg4 13. Be2 Nd5 14. Nxd5 Qxd5 15. c4 Qf5 16. h3 Bxf3 17. Bxf3 Rxd4 18. Rxe7 Na6 19. Qxd4 Bxd4 20. Rxd4 Qf6 21. Rde4 g5 22. Bg3 Kf8 23. Rd7 Nc5 24. Rc7 Nxe4 25. Bxe4 Re8 26. Bxh7 Qxb2 27. Kh2 Qxa2 28. h4 gxh4 29. Bf4 Kg7 30. Bf5 Qxc4 0-1

[Event "January 2 Late 2024"]
[Site "https://www.chess.com"]
[Date "2024.01.02"]
[Round "3"]
[White "Jarocka, Liwia"]
[Black "Lievano Alvarado, Luis"]
[Result "1-0"]
[Board "215"]
[TimeControl "180+1"]
[WhiteFideId "21807558"]
[BlackFideId "6700365"]
[WhiteElo "2394"]
[BlackElo "2124"]
[WhiteTeam "POL"]
[BlackTeam "ESA"]
[WhiteClock "0:01:48"]
[BlackClock "0:01:41"]

1. e4 e5 2. Nf3 Nc6 3. Bb5 a6 4. Bxc6 dxc6 5. O-O f6 6. d4 exd4 7. Nxd4 c5 8. Ne2 Qxd1 9. Rxd1 Bg4 10. f3 Bd7 11. Bf4 O-O-O 12. Nbc3 Ne7 13. Be3 Nc6 14. Nd5 Be6 15. Nef4 Bf7 16. c3 Bd6 17. Nd3 b6 18. Nf2 Rhe8 19. Rd2 f5 20. Rad1 fxe4 21. Nxe4 Be5 22. Bg5 Rxd5 23. Rxd5 Bxd5 24. Rxd5 h6 25. Bh4 g5 26. Bg3 Bxg3 27. hxg3 g4 28. Kf2 gxf3 29. gxf3 Ne5 30. b3 c4 31. Ke3 cxb3 32. axb3 a5 33. c4 Nc6 34. Rh5 Re6 35. g4 Ne7 36. f4 c6 37. f5 Re5 38. Rxh6 b5 39. cxb5 cxb5 40. Ra6 a4 41. bxa4 bxa4 42. Rxa4 Nxf5+ 43. Kf4 1-0

[Event "January 2 Late 2024"]
[Site "https://www.chess.com"]
[Date "2024.01.02"]
[Round "3"]
[White "Ivanov, Aleksandr"]
[Black "Skibbe, Willi"]
[Result "0-1"]
[Board "216"]
[TimeControl "180+1"]
[WhiteFideId "2092980"]
[BlackFideId "4682190"]
[WhiteElo "2121"]
[BlackElo "2390"]
[WhiteTeam "USA"]
[BlackTeam "GER"]
[WhiteClock "0:00:48"]
[BlackClock "0:01:21"]

1. d4 e6 2. c4 d5 3. Nc3 c6 4. e4 dxe4 5. Nxe4 Bb4+ 6. Bd2 Qxd4 7. Bxb4 Qxe4+ 8. Be2 Na6 9. Bd6 Ne7 10. Nf3 Nf5 11. O-O f6 12. Re1 Kf7 13. Bd3 Qxe1+ 14. Qxe1 Nxd6 15. c5 Nxc5 16. Rd1 Nxd3 17. Rxd3 Nf5 18. g4 Ne7 19. g5 h6 20. Nd4 hxg5 21. Re3 e5 22. Ne2 Nd5 23. Rg3 Be6 24. Nc3 Rad8 25. Ne4 Nf4 0-1

[Event "January 2 Late 2024"]
[Site "https://www.chess.com"]
[Date "2024.01.02"]
[Round "3"]
[White "Travkina, Anastasia"]
[Black "Aung Thant Zin"]
[Result "1-0"]
[Board "217"]
[TimeControl "180+1"]
[WhiteFideId "24129151"]
[BlackFideId "13000063"]
[WhiteElo "2388"]
[BlackElo "2115"]
[WhiteTeam "RUS"]
[BlackTeam "MYA"]
[WhiteClock "0:00:30"]
[BlackClock "0:00:41"]

1. e4 c5 2. Nf3 Nc6 3. d4 cxd4 4. Nxd4 Nf6 5. Nc3 d6 6. Bg5 e6 7. Qd2 a6 8. O-O-O h6 9. Bh4 Nxe4 10. Nxe4 Qxh4 11. Nxc6 Qxe4 12. Nd4 Qd5 13. Bd3 Qxa2 14. c3 Bd7 15. Rhe1 Be7 16. f4 Ba4 17. Bb1 Qd5 18. Bc2 Bxc2 19. Qxc2 Qa5 20. Nxe6 fxe6 21. Qg6+ Kd8 22. Qxe6 Qc7 23. Rd4 Qd7 24. Qf7 Bf6 25. Rxd6 Qxd6 26. Rd1 Qxd1+ 27. Kxd1 b5 28. g4 Rc8 29. g5 Rc7 30. Qg6 Rd7+ 31. Kc1 hxg5 32. fxg5 Be5 33. Qb6+ Bc7 34. Qxa6 b4 35. Qa8+ Ke7 36. Qxh8 Kf7 37. Qh5+ Ke6 38. Qg4+ Ke7 39. Qe4+ Kf7 40. g6+ Kf6 41. Qxb4 Bf4+ 42. Qxf4+ 1-0

[Event "January 2 Late 2024"]
[Site "https://www.chess.com"]
[Date "2024.01.02"]
[Round "3"]
[White "Petersson, Kjell"]
[Black "Akhayan"]
[Result "0-1"]
[Board "218"]
[TimeControl "180+1"]
[WhiteFideId "1705148"]
[WhiteElo "2118"]
[BlackElo "2381"]
[WhiteTeam "SWE"]
[WhiteClock "0:00:00"]
[BlackClock "0:00:20"]

1. d4 a6 2. Bf4 e6 3. Nf3 Nf6 4. e3 b5 5. c4 bxc4 6. Bxc4 Bb7 7. O-O Be7 8. Nc3 O-O 9. h3 d6 10. Rc1 Nbd7 11. Re1 Rb8 12. Bb3 h6 13. Rc2 Nb6 14. Qe2 Nbd5 15. Bg3 Nb4 16. Rcc1 Ne4 17. a3 Nxg3 18. fxg3 Nd5 19. Rc2 Nf6 20. Rec1 Ne4 21. Nxe4 Bxe4 22. Rc3 Bf6 23. Ba2 c6 24. Nd2 Bd5 25. Nc4 Bg5 26. h4 Bf6 27. Qf2 Qe7 28. b4 c5 29. bxc5 dxc5 30. Ne5 Bxe5 31. dxe5 Bxa2 32. Qxa2 Rfc8 33. Qd2 Qa7 34. Qd6 c4 35. Qd4 Qe7 36. Rxc4 Rxc4 37. Rxc4 Qxa3 38. Ra4 Qc1+ 39. Kh2 Qc6 40. Qd6 Qb5 41. Rxa6 Rf8 42. Rb6 Qe2 43. Rb8 Rxb8 44. Qxb8+ Kh7 45. Qb6 Qf1 46. Qb7 Qf5 47. Qb5 Qf2 48. Qb3 Qf5 49. Qc3 Qe4 50. Qd4 Qf5 51. Qf4 Qg6 52. g4 f6 53. exf6 gxf6 54. h5 Qf7 55. Qe4+ Kg7 56. Kh3 Qc7 57. Qg6+ Kf8 58. Qxf6+ Kg8 59. Qxe6+ Kh8 60. Qxh6+ Kg8 61. Qg6+ Kf8 62. h6 Qc1 63. Qg7+ Ke8 64. Qe5+ Kf7 65. h7 Qh1+ 66. Qh2 Qa1 67. Qf4+ Ke6 68. Qf5+ Kd6 69. Qd3+ Ke6 70. Qd4 Qh1+ 71. Kg3 Qxh7 72. Qc4+ Kd6 73. Qf4+ Kc6 74. Qf5 Qh1 75. g5 Qe1+ 76. Qf2 Qc3 77. g6 Qg7 78. Qf5 Qh6 79. Qe4+ Kb6 80. Qe6+ Kb5 81. Kf3 Qh5+ 0-1

[Event "January 2 Late 2024"]
[Site "https://www.chess.com"]
[Date "2024.01.02"]
[Round "3"]
[White "Gardezi, Arsal"]
[Black "Kanter, Eduard"]
[Result "0-1"]
[Board "219"]
[TimeControl "180+1"]
[WhiteFideId "30949521"]
[BlackFideId "4103963"]
[WhiteElo "2115"]
[BlackElo "2380"]
[WhiteTeam "USA"]
[BlackTeam "RUS"]
[WhiteClock "0:01:10"]
[BlackClock "0:01:19"]

1. Nf3 Nf6 2. g3 g6 3. Bg2 Bg7 4. O-O O-O 5. c4 d6 6. Nc3 e5 7. d4 Nbd7 8. Bg5 h6 9. Bd2 e4 10. Ne1 Re8 11. Nc2 c6 12. h3 d5 13. cxd5 cxd5 14. Qc1 Kh7 15. Ne3 Nf8 16. Nb5 Ne6 17. Bc3 a6 18. Na3 Bd7 19. Qd2 h5 20. Nac2 Bh6 21. Qd1 h4 22. Nb4 hxg3 23. Nbxd5 Nxd5 24. Nxd5 Bc6 25. Nb4 gxf2+ 26. Kxf2 Be3+ 27. Kxe3 Qg5+ 28. Kf2 e3+ 29. Ke1 Qg3+ 0-1

[Event "January 2 Late 2024"]
[Site "https://www.chess.com"]
[Date "2024.01.02"]
[Round "3"]
[White "Torres Hernandez, Leslie Carolin"]
[Black "Kubatko, Ivan"]
[Result "1-0"]
[Board "220"]
[TimeControl "180+1"]
[WhiteFideId "8400504"]
[BlackFideId "24111473"]
[WhiteElo "2083"]
[BlackElo "2378"]
[WhiteTeam "HON"]
[BlackTeam "RUS"]
[WhiteClock "0:00:09"]
[BlackClock "0:00:06"]

1. e4 d5 2. exd5 Qxd5 3. Nc3 Qa5 4. d4 Nf6 5. Bd2 Bf5 6. Nf3 c6 7. Bc4 e6 8. O-O Qc7 9. Re1 Nbd7 10. h3 O-O-O 11. Bb3 Bd6 12. Qe2 h6 13. Rad1 g5 14. Ne5 Nb6 15. Qf3 Bxe5 16. dxe5 g4 17. Qe2 Nfd5 18. hxg4 Bg6 19. Nxd5 cxd5 20. a4 Kb8 21. Bb4 Nc8 22. Rc1 h5 23. g5 h4 24. c4 d4 25. c5 d3 26. Qd2 Ne7 27. Ba5 Qc6 28. Bxd8 Rxd8 29. Bc4 h3 30. gxh3 Rh8 31. Kh2 Bf5 32. Re3 Ng6 33. Bxd3 Rd8 34. Rc3 Qc7 35. Qe2 Nf4 36. Qf3 Nxd3 37. Rexd3 Qxe5+ 38. Qg3 Qxg3+ 39. Rxg3 Rd2 40. Rb3 Rxf2+ 41. Kg1 Rc2 42. Rgc3 Rd2 43. c6 b6 44. c7+ Kc8 45. a5 Rd6 46. axb6 axb6 47. h4 e5 48. Re3 Rd5 49. Rxb6 Kxc7 50. Rf6 Bg6 51. Rc3+ Kd7 52. b4 Rd4 53. b5 Rb4 54. b6 e4 55. Rc7+ Ke8 56. b7 e3 57. Rc8+ Ke7 58. b8=Q Rxb8 59. Rxb8 Kd7 60. Rb2 Ke7 61. Re2 Kf8 62. Rxe3 Kg7 63. Re7 1-0

[Event "January 2 Late 2024"]
[Site "https://www.chess.com"]
[Date "2024.01.02"]
[Round "3"]
[White "Quirke, Jeffrey"]
[Black "Rios Escobar, Adan"]
[Result "0-1"]
[Board "221"]
[TimeControl "180+1"]
[WhiteFideId "2013029"]
[BlackFideId "3403645"]
[WhiteElo "2076"]
[BlackElo "2375"]
[WhiteTeam "USA"]
[BlackTeam "CHI"]
[WhiteClock "0:00:00"]
[BlackClock "0:00:03"]

1. e4 c5 2. c3 d5 3. exd5 Qxd5 4. d4 Nc6 5. Nf3 Bf5 6. Be2 Nf6 7. c4 Qd6 8. d5 Nb4 9. Na3 a6 10. O-O g6 11. Re1 Bg7 12. Nh4 Bc8 13. Nc2 Nxc2 14. Qxc2 O-O 15. g3 h6 16. Bf4 Qd8 17. Nf3 Bf5 18. Qb3 Qc8 19. Be5 Re8 20. a4 e6 21. d6 Ne4 22. Bxg7 Kxg7 23. Rad1 Rd8 24. Qb6 a5 25. Qc7 Ra6 26. Ne5 Nxd6 27. Qxc8 Rxc8 28. Bf3 Bc2 29. Ra1 f6 30. Nd7 Kf7 31. Re2 Bd3 32. Rd2 Bxc4 0-1

[Event "January 2 Late 2024"]
[Site "https://www.chess.com"]
[Date "2024.01.02"]
[Round "3"]
[White "Novak, Ratko"]
[Black "Brandao, Marcius Gomes"]
[Result "1-0"]
[Board "222"]
[TimeControl "180+1"]
[WhiteFideId "14511827"]
[BlackFideId "2124980"]
[WhiteElo "2375"]
[BlackElo "2075"]
[WhiteTeam "CRO"]
[BlackTeam "BRA"]
[WhiteClock "0:00:54"]
[BlackClock "0:00:13"]

1. d4 d5 2. c4 e6 3. cxd5 exd5 4. Nc3 a6 5. f3 Nf6 6. e4 dxe4 7. fxe4 Bg4 8. Be2 Bxe2 9. Ngxe2 Nc6 10. O-O Bb4 11. Bg5 Be7 12. e5 Nd5 13. Bxe7 Ncxe7 14. Qb3 O-O 15. Ne4 b6 16. N2g3 Nc6 17. Rad1 Qd7 18. Nf5 Qe6 19. Ng5 Qd7 20. Qg3 Kh8 21. Nxh7 Kxh7 22. Qxg7# 1-0

[Event "January 2 Late 2024"]
[Site "https://www.chess.com"]
[Date "2024.01.02"]
[Round "3"]
[White "Paragua, Megan Althea"]
[Black "De Souza, Arthur Olintho"]
[Result "1-0"]
[Board "223"]
[TimeControl "180+1"]
[WhiteFideId "30973007"]
[BlackFideId "2116200"]
[WhiteElo "2372"]
[BlackElo "2074"]
[WhiteTeam "USA"]
[BlackTeam "BRA"]
[WhiteClock "0:02:10"]
[BlackClock "0:02:32"]

1. e4 c5 2. Nf3 d6 3. d4 cxd4 4. Qxd4 Nc6 5. Bb5 Qb6 6. Qxb6 axb6 7. Nc3 Nf6 8. Bg5 Be6 9. Be3 Nd7 10. Nd4 Rc8 11. Nxe6 fxe6 12. O-O-O g6 13. Na4 Nb4 14. Bxd7+ Kxd7 15. Nxb6+ Kc7 16. Nxc8 1-0

[Event "January 2 Late 2024"]
[Site "https://www.chess.com"]
[Date "2024.01.02"]
[Round "3"]
[White "Ardito, Andrew"]
[Black "Gao, Raymond"]
[Result "0-1"]
[Board "224"]
[TimeControl "180+1"]
[WhiteFideId "2033976"]
[BlackFideId "2629429"]
[WhiteElo "2058"]
[BlackElo "2369"]
[WhiteTeam "USA"]
[BlackTeam "CAN"]
[WhiteClock "0:00:13"]
[BlackClock "0:01:35"]

1. Nf3 Nf6 2. g3 e6 3. Bg2 d5 4. d3 Be7 5. O-O O-O 6. Nbd2 c5 7. e4 Nc6 8. e5 Nd7 9. Re1 b5 10. c3 Qc7 11. d4 b4 12. Nf1 a5 13. h4 Ba6 14. Bg5 h6 15. Bf4 bxc3 16. bxc3 cxd4 17. cxd4 Nb4 18. Rc1 Qb6 19. Re3 Rac8 20. Rb1 Qa7 21. a3 Nc2 22. Reb3 a4 23. R3b2 Nxa3 24. Ra1 Nc4 25. Rba2 a3 26. Ne3 Nxe3 27. Bxe3 Bc4 28. Rd2 Rb8 29. g4 Rb7 30. g5 Rfb8 31. gxh6 g6 32. h5 a2 33. hxg6 Rb1 34. h7+ Kh8 35. Ng5 fxg6 0-1

[Event "January 2 Late 2024"]
[Site "https://www.chess.com"]
[Date "2024.01.02"]
[Round "3"]
[White "Marcziter, Dmitrii"]
[Black "Vujcic, Milena"]
[Result "1-0"]
[Board "225"]
[TimeControl "180+1"]
[WhiteFideId "13900765"]
[BlackFideId "954748"]
[WhiteElo "2365"]
[BlackElo "2031"]
[WhiteTeam "GER"]
[BlackTeam "SRB"]
[WhiteClock "0:00:16"]
[BlackClock "0:00:54"]

1. d4 Nf6 2. c4 g6 3. Nf3 Bg7 4. g3 O-O 5. Bg2 d6 6. Nc3 Nc6 7. O-O a6 8. h3 e5 9. dxe5 dxe5 10. Qxd8 Rxd8 11. Bg5 Be6 12. Nd2 h6 13. Bxf6 Rxd2 14. Bxg7 Kxg7 15. b3 Nd4 16. e3 Nc2 17. Rad1 Rxd1 18. Rxd1 c6 19. Na4 a5 20. Nc5 Bc8 21. Rd8 Kf6 22. Rh8 h5 23. Nd7+ Ke6 24. Nb6 Rb8 25. Rxc8 Rxc8 26. Nxc8 Kd7 27. Nb6+ Kc7 28. c5 Nb4 29. Nc4 Nxa2 30. Nxa5 Nb4 31. Bf1 Na2 32. Nc4 Nc3 33. Nxe5 Ne4 34. b4 Nf6 35. Nxf7 Nd5 36. Ne5 Nxb4 37. Nxg6 Na6 38. Bxa6 bxa6 39. Ne5 a5 40. Nc4 a4 41. g4 Kd7 42. f4 hxg4 43. hxg4 Ke6 44. e4 Kf6 45. Kf2 1-0

[Event "January 2 Late 2024"]
[Site "https://www.chess.com"]
[Date "2024.01.02"]
[Round "3"]
[White "tolia123"]
[Black "Sokolov, Andrei"]
[Result "1/2-1/2"]
[Board "226"]
[TimeControl "180+1"]
[BlackFideId "11600306"]
[WhiteElo "2030"]
[BlackElo "2365"]
[BlackTeam "LAT"]
[WhiteClock "0:00:14"]
[BlackClock "0:00:04"]

1. e4 e5 2. Nf3 Nc6 3. d4 exd4 4. Nxd4 Nf6 5. Nxc6 bxc6 6. e5 Qe7 7. Qe2 Nd5 8. g3 d6 9. Bg2 Qxe5 10. Qxe5+ dxe5 11. c4 Ne7 12. Nc3 Be6 13. b3 f6 14. Ba3 Kf7 15. O-O-O g6 16. Rhe1 Bh6+ 17. Kb2 Rad8 18. Bxe7 Kxe7 19. Bxc6 Bd2 20. Rg1 Bg4 21. f3 Bxc3+ 22. Kxc3 Be6 23. Rge1 Rd6 24. Rxd6 Kxd6 25. Be4 f5 26. Rd1+ Ke7 27. Bc6 h5 28. Bd5 h4 29. Re1 Bxd5 30. cxd5 Kd6 31. Kc4 hxg3 32. hxg3 Rh3 33. Rg1 Rh2 34. a4 Rc2+ 35. Kd3 Rc5 36. g4 Rxd5+ 37. Kc3 Rd4 38. gxf5 gxf5 39. Rg6+ Kd7 40. Rg7+ Kc6 41. Rg6+ Kb7 42. Re6 Rd5 43. Kc4 Rd4+ 44. Kc3 Rf4 45. Rxe5 Rxf3+ 46. Kc4 f4 47. Rf5 Rf1 48. Kc3 f3 49. Kd2 f2 50. Ke2 Rb1 51. Kxf2 Rxb3 52. Ke2 Rb4 53. a5 Ka6 54. Rc5 Rb2+ 55. Kd3 Rb5 56. Rxc7 Rxa5 57. Kc4 Ra4+ 58. Kb3 Rh4 59. Rc6+ Kb5 60. Rg6 a5 61. Rg5+ Kb6 62. Rf5 Rh3+ 63. Ka4 Rh4+ 64. Kb3 Rb4+ 65. Ka3 Rc4 66. Kb3 Rb4+ 67. Ka3 Rh4 68. Kb3 1/2-1/2

[Event "January 2 Late 2024"]
[Site "https://www.chess.com"]
[Date "2024.01.02"]
[Round "3"]
[White "Bongo Akanga Ndjila, Barthelemy"]
[Black "Obon Temprano, Sergi"]
[Result "0-1"]
[Board "227"]
[TimeControl "180+1"]
[WhiteFideId "10609431"]
[BlackFideId "2226545"]
[WhiteElo "2026"]
[BlackElo "2360"]
[WhiteTeam "GAB"]
[BlackTeam "ESP"]
[WhiteClock "0:00:00"]
[BlackClock "0:00:27"]

1. d4 d5 2. c4 c6 3. Qc2 Nf6 4. Nf3 g6 5. g3 Bf5 6. Qb3 Qb6 7. Bg2 Bg7 8. O-O Nbd7 9. Nbd2 O-O 10. Qa3 Rfe8 11. b4 Ne4 12. c5 Qc7 13. Qb3 e5 14. e3 exd4 15. exd4 a5 16. bxa5 Ndxc5 17. Qd1 Qxa5 18. Nxe4 Nxe4 19. Be3 Qa4 20. Qc1 Qa3 21. Qd1 Nc3 22. Qd2 Nb5 23. Bh6 Qa5 24. Qf4 Re4 25. Qg5 Nxd4 0-1

[Event "January 2 Late 2024"]
[Site "https://www.chess.com"]
[Date "2024.01.02"]
[Round "3"]
[White "Oliveira, Tiago Batista"]
[Black "Van der Werf, Mark"]
[Result "0-1"]
[Board "228"]
[TimeControl "180+1"]
[WhiteFideId "2108291"]
[BlackFideId "1000470"]
[WhiteElo "2025"]
[BlackElo "2349"]
[WhiteTeam "BRA"]
[BlackTeam "NED"]
[WhiteClock "0:00:07"]
[BlackClock "0:01:28"]

1. d4 g6 2. c4 Bg7 3. Nf3 c5 4. d5 Nf6 5. g3 O-O 6. Bg2 b5 7. cxb5 d6 8. O-O a6 9. bxa6 Nxa6 10. Nc3 Nc7 11. Re1 Ba6 12. e4 Nd7 13. Bf4 Nb5 14. Nxb5 Bxb5 15. e5 Qb6 16. e6 fxe6 17. dxe6 Nf6 18. Ng5 Bc6 19. Nf7 Bxg2 20. Kxg2 Qxb2 21. Rb1 Qxa2 22. Rb7 Ra7 23. Nxd6 exd6 24. e7 Rxb7 25. exf8=Q+ Bxf8 26. Bxd6 Bxd6 27. Qxd6 Qd5+ 28. Qxd5+ Nxd5 29. Re5 Rd7 30. Kf3 c4 31. Re6 c3 32. Rc6 Rc7 0-1

[Event "January 2 Late 2024"]
[Site "https://www.chess.com"]
[Date "2024.01.02"]
[Round "3"]
[White "Kleibel, Uwe"]
[Black "Smirnov, Timofey"]
[Result "1-0"]
[Board "229"]
[TimeControl "180+1"]
[WhiteFideId "1270982"]
[BlackFideId "24176427"]
[WhiteElo "2349"]
[BlackElo "1985"]
[WhiteTeam "GER"]
[BlackTeam "RUS"]
[WhiteClock "0:01:37"]
[BlackClock "0:00:00"]

1. e4 e5 2. Nf3 Nf6 3. Nxe5 d6 4. Nf3 Nxe4 5. Nc3 Nxc3 6. dxc3 Be7 7. Bf4 Be6 8. Qd2 Nd7 9. O-O-O O-O 10. Kb1 a5 11. h4 Bg4 12. Be2 a4 13. a3 Re8 14. h5 h6 15. Rde1 Nc5 16. Bc4 Bxf3 17. gxf3 Qd7 18. Reg1 Bf6 19. Bxh6 Ne6 20. Bxe6 Qxe6 21. Bxg7 Bxg7 22. h6 f5 23. Rxg7+ Kh8 24. Rxc7 Rac8 25. Rxb7 Rb8 26. Qd4+ Qe5 27. Rxb8 1-0

[Event "January 2 Late 2024"]
[Site "https://www.chess.com"]
[Date "2024.01.02"]
[Round "3"]
[White "Doluhanova, Evgeniya"]
[Black "Dmitriev, Sergey"]
[Result "1/2-1/2"]
[Board "230"]
[TimeControl "180+1"]
[WhiteFideId "14112035"]
[BlackFideId "14101785"]
[WhiteElo "2342"]
[BlackElo "1984"]
[WhiteTeam "UKR"]
[BlackTeam "UKR"]
[WhiteClock "0:00:10"]
[BlackClock "0:00:08"]

1. Nf3 d6 2. e4 e5 3. d4 exd4 4. Nxd4 Nc6 5. Nc3 Nxd4 6. Qxd4 Nf6 7. Bg5 Be7 8. Bc4 O-O 9. O-O-O Be6 10. h4 Bxc4 11. Qxc4 Ng4 12. Bxe7 Qxe7 13. Qe2 f5 14. f3 Ne5 15. Nd5 Qd7 16. f4 Nc6 17. e5 Rae8 18. Qf3 Qf7 19. exd6 cxd6 20. h5 h6 21. Rhg1 Re4 22. g4 Nd4 23. Rxd4 Rxd4 24. Ne3 Qxa2 25. c3 Ra4 26. Nc2 Qf7 27. g5 hxg5 28. Rxg5 Qf6 29. Qd5+ Kh8 30. Ne3 Re4 31. Nxf5 Rxf4 32. Nxg7 Rf1+ 33. Kc2 Qf2+ 34. Kb3 Qb6+ 35. Kc2 R8f2+ 36. Kd3 Qe3+ 37. Kc4 Rf4+ 38. Kb3 Qb6+ 39. Kc2 R4f2+ 40. Kd3 Rf3+ 41. Kc4 Rf4+ 42. Kd3 R1f3+ 43. Kc2 Rf2+ 44. Kd1 Rf1+ 45. Ke2 R1f2+ 46. Kd3 R2f3+ 47. Ke2 Rf2+ 48. Kd3 R2f3+ 1/2-1/2